 Dungeon Crawl Stone Soup version 0.14-a0-586-g2535b90 (webtiles) character file.

310509 Moogles the Shatterer (level 20, -18/181 HPs)
             Began as a Minotaur Fighter on Nov 3, 2013.
             Was the Champion of Cheibriados.
             Killed from afar by a deep elf annihilator (56 damage)
             ... with an iron shot
             ... on Level 3 of the Elven Halls.
             The game lasted 04:16:18 (37708 turns).

Moogles the Shatterer (Minotaur Fighter)           Turns: 37708, Time: 04:16:18

HP -18/181       AC 29     Str 41      XL: 20   Next: 65%
MP  30/30        EV 25     Int 19 (23) God: Cheibriados [******]
Gold 3763        SH 53     Dex 33      Spells:  1 memorised, 18 levels left

Res.Fire  : . . .   See Invis. : .   m - +4,+8 shillelagh "Devastator"
Res.Cold  : + . .   Warding    : .   A - +2 plate armour {rC+}
Life Prot.: . . .   Conserve   : +   f - +0 large shield
Res.Poison: .       Res.Corr.  : .   H - +1 wizard hat {Int+3}
Res.Elec. : .       Clarity    : .   B - +1 cloak {MR+}
Sust.Abil.: . .     Spirit.Shd : .   U - +2 pair of gauntlets
Res.Mut.  : .       Stasis     : .   Z - +1 pair of dwarf boots
Res.Rott. : .       Flight     : .   r - amulet of conservation
Saprovore : . . .                    k - +6 ring of strength
                                     s - ring of protection from magic

@: studying Throwing, very slow, extremely resistant to hostile enchantments,
extremely unstealthy
A: retaliatory headbutt, horns 2, Str -2
a: Bend Time, Temporal Distortion, Slouch, Step From Time, Renounce Religion
}: 1/15 runes: serpentine


You were on level 3 of the Elven Halls.
You worshipped Cheibriados.
Cheibriados was exalted by your worship.
You were full.

You visited 7 branches of the dungeon, and saw 39 of its levels.
You visited the Abyss 1 time.
You visited 2 bazaars.
You also visited: Labyrinth, Sewer, Ice Cave and Wizlab.

You collected 5204 gold pieces.
You spent 1441 gold pieces at shops.

Inventory:

Hand weapons
 m - the +4,+8 shillelagh "Devastator" (weapon)
   (You found it in a labyrinth)
Missiles
 T - 11 javelins (quivered)
Armour
 f - a +0 large shield (worn)
 A - a +2 plate armour of cold resistance (worn)
 B - a +1 cloak of magic resistance (worn)
 H - a +1 wizard hat of intelligence (worn)
 U - a +2 pair of gauntlets (worn)
 Z - a +1 pair of dwarven boots (worn)
Magical devices
 h - a wand of heal wounds (3)
 i - a wand of disintegration (12)
 p - a wand of fireball (2)
 v - a wand of heal wounds (9)
 Q - a wand of teleportation (3)
 Y - a wand of draining (2)
Comestibles
 n - 23 meat rations
 M - 20 bread rations
Scrolls
 e - 6 scrolls of remove curse
 u - a scroll of blinking
 D - 6 scrolls of teleportation
 G - a scroll of fog
 O - 3 scrolls of fear
 P - a scroll of magic mapping
 R - 11 scrolls of identify
 X - a scroll of enchant weapon II
Jewellery
 b - an uncursed ring of teleport control
 g - an uncursed amulet of stasis
 j - an uncursed ring of teleportation
 k - a +6 ring of strength (right hand)
 l - an uncursed ring of protection from cold
 r - an amulet of conservation (around neck)
 s - a ring of protection from magic (left hand)
 y - an uncursed ring of flight
 E - the ring of Threreed {rPois Int+4 Dam+4}
   (You took it off an orc on level 4 of the Dungeon)

   [ring of intelligence]

   It affects your intelligence (+4).
   It affects your damage-dealing abilities (+4).
   It protects you from poison.
 F - an uncursed ring of see invisible
 I - an uncursed ring of protection from fire
 L - an uncursed amulet of resist mutation
 S - an uncursed ring of sustain abilities
 W - an uncursed ring of sustain abilities
Potions
 d - 5 potions of flight
 o - 4 potions of invisibility
 t - 4 potions of might
 w - 11 potions of curing
 z - 3 potions of brilliance
 C - a potion of magic
 J - 3 potions of resistance
 K - 2 potions of agility
 N - 4 potions of restore abilities
Books
 c - a manual of Throwing
 V - a book of Flames

   Spells                             Type                      Level
   Flame Tongue                       Conjuration/Fire             1
   Throw Flame                        Conjuration/Fire             2
   Conjure Flame                      Conjuration/Fire             3
   Inner Flame                        Hexes/Fire                   3
   Sticky Flame                       Conjuration/Fire             4
   Fireball                           Conjuration/Fire             5
Miscellaneous
 a - a phial of floods
 q - a sack of spiders
 x - a stone of tremors


   Skills:
 + Level 17.0 Fighting
 * Level 22.5 Maces & Flails
 + Level 13.6 Throwing
 + Level 16.6 Armour
 + Level 15.1 Dodging
 + Level 16.5 Shields
 + Level 12.1 Invocations


You had 18 spell levels left.
You knew the following spells:

 Your Spells              Type           Power        Failure   Level  Hunger
a - Summon Butterflies    Summ           #.......     99%         1    ##.....


Dungeon Overview and Level Annotations

Branches:
Dungeon (20/27)            Temple (1/1) D:4             Orc (4/4) D:9
    Elf (3/3) Orc:4          Lair (3/8) D:12         Shoals (0/5) Lair:3
  Snake (5/5) Lair:3       Vaults (3/5) D:15          Crypt (0/5) Vaults:3
  Blade: Vaults:3-4

Altars:
Cheibriados
Elyvilon
Fedhas
Kikubaaqudgha
Okawaru
Sif Muna
Trog
Yredelemnul
Zin
the Shining One
Beogh

Shops:
D:4 ?   D:5 }   D:8 *   D:12 %   D:16 [   D:18 [   Orc:2 +   Orc:4 %*(}
Elf:1 [   Elf:3 [   Snake:1 }   Vaults:1 [

Portals:
Ziggurat: D:6 (3290 gp) D:15 (3880 gp)

Annotations:
Elf:2 1 exclusion
Lair:3 exclusion: 4 oklob plants


Innate Abilities, Weirdness & Mutations

You reflexively headbutt those who attack you in melee.
You have a pair of horns on your head.
You are weak. (Str -2)


Message History

The deep elf sorcerer seems to speed up.
Unknown command.
The shillelagh engulfs you!
The ice devil, the deep elf sorcerer and the sun demon shudder.
The ice devil is heavily wounded.
The deep elf sorcerer is almost dead.
The sun demon is lightly wounded.
You sock the deep elf sorcerer!
You kill the deep elf sorcerer!
Cheibriados thoroughly appreciates the change of pace.
The sun demon disappears in a puff of smoke!
The ice devil disappears in a puff of smoke!
The deep elf annihilator mumbles some strange words.
The deep elf annihilator blinks!
The deep elf annihilator gestures at you while chanting.
The bolt of lightning hits you!
* * * LOW HITPOINT WARNING * * *
The deep elf annihilator casts a spell at you.
The iron shot hits you!
You die...

#.# #.# #.## #.#
#..# #.# ####
#..# ### #..#
#|.# ##.# #))# ##
#..# #))# #.##
##.# . #e)##...##
##.##
.....#§@#.....##
#...#
...#..§.)...#...#
#....
.###.§)§§.###?..#
#...#
..#........#...#
#..##
..§...........##
#..#
....%.......##
#### ..........##
.......%##
........ #####


You could see a deep elf annihilator.

Vanquished Creatures
  An ancient lich (Abyss:1)
  Norris (Vaults:2)
  Mara (Vaults:3)
  Jory (Vaults:2)
  Nikola (Snake:1)
  A hellephant (Abyss:1)
  A Cloud Mage (WizLab)
  A deep elf blademaster (Elf:3)
  A deep elf master archer (Elf:3)
  A sphinx (Vaults:3)
  An Executioner (Elf:3)
  Kirke (Vaults:1)
  Roxanne (D:18)
  An azure jelly (Abyss:1)
  2 ghouls (Vaults:2)
  3 tentacled starspawn (Abyss:1)
  5 vault wardens
  6 deep elf sorcerers (Elf:3)
  Aizul (Vaults:2)
  A curse skull (Elf:2)
  Gastronok (D:11)
  A cacodemon (Abyss:1)
  6 greater nagas
  9 stone giants
  3 starcursed masses (Abyss:1)
  9 deep elf demonologists
  Azrael (D:19)
  9 deep elf annihilators
  9 vault guards
  Snorg (Vaults:1)
  3 deep elf death magi (Elf:3)
  8 ironheart preservers
  The ghost of Yllodra the Brawler, a powerful TrMo of Makhleb (Lair:1)
  8 yaktaur captains
  6 minotaurs
  13 hydras
  Fannar (Lair:3)
  A dragon (D:15)
  2 ice dragons (IceCv)
  A deep elf high priest (Elf:3)
  A great orb of eyes (Vaults:1)
  2 anacondas
  8 ogre magi
  2 deep troll earth magi (Vaults:2)
  2 thrashing horrors (Abyss:1)
  A very ugly thing (D:16)
  A plague shambler (Vaults:2)
  A deep troll shaman (D:13)
  3 wretched stars (Abyss:1)
  17 naga warriors
  Urug (Orc:2)
  2 orc high priests
  A water nymph (shapeshifter) (D:13)
  2 fire crabs (Vaults:2)
  13 deep elf knights
  21 centaur warriors
  An ice devil (Elf:3)
  A rakshasa (D:20)
  4 hell knights (Vaults:2)
  13 skeletal warriors
  A deep troll (Vaults:2)
  A death drake (Abyss:1)
  10 unseen horrors
  An unseen horror (shapeshifter) (Elf:3)
  A shadow wraith (Vaults:2)
  2 flayed ghosts
  17 hill giants
  2 ice statues (IceCv)
  Pikel (D:5)
  5 wizards
  4 wolf spiders
  12 deep elf conjurers
  A phantasmal warrior (D:12)
  3 red wasps
  5 necromancers
  Joseph (D:7)
  12 elves (Vaults:2)
  2 griffons
  9 ironbrand convokers
  13 cyclopes
  7 stone giant zombies
  A red wasp (shapeshifter) (Elf:2)
  8 giant amoebae
  A shining eye (Abyss:1)
  3 guardian serpents
  An apocalypse crab (Abyss:1)
  6 orc sorcerers
  13 orc knights
  2 spiny worms (Vaults:1)
  30 black mambas
  A fire giant skeleton (Vaults:2)
  15 deep elf summoners
  A frost giant skeleton (Vaults:3)
  6 stone giant skeletons
  8 vault sentinels
  11 vapours (WizLab)
  7 spiny frogs
  3 smoke demons (Abyss:1)
  A feature mimic (D:13)
  32 yaktaurs
  A mermaid (shapeshifter) (Vaults:1)
  A spectral glowing shapeshifter (Elf:2)
  3 demonic crawlers
  16 deep elf priests
  27 naga magi
  15 trolls
  2 iron devils (Elf:3)
  2 hellwings
  4 ancient zymes (Abyss:1)
  A giant firefly (shapeshifter) (D:12)
  2 jumping spiders (Vaults:3)
  2 blue devils (Elf:3)
  A wolf spider simulacrum (D:20)
  4 komodo dragons
  A fire drake (Lair:3)
  A spriggan (shapeshifter) (D:17)
  The ghost of Malachi the Ruffian, an average TrWz of Kikubaaqudgha (D:5)
  14 two-headed ogres
  2 hydra zombies
  2 iron troll skeletons
  A jumping spider (shapeshifter) (D:14)
  An ettin zombie (D:20)
  A baby alligator (shapeshifter) (Vaults:1)
  2 boulder beetles
  A slime creature (shapeshifter) (Elf:2)
  2 brown oozes (Abyss:1)
  A dryad zombie (Elf:2)
  A hydra skeleton (D:11)
  A griffon zombie (D:16)
  2 basilisks
  11 redbacks
  26 slime creatures
  A griffon skeleton (D:14)
  3 ynoxinuls (Abyss:1)
  A blink frog (D:12)
  2 ettin skeletons
  A trapdoor spider (D:15)
  43 ugly things
  24 yaks
  3 vampires
  6 wraiths
  2 hill giant zombies
  33 air elementals (WizLab)
  22 deep elf magi
  A golden eye (shapeshifter) (D:12)
  4 shadows
  2 golden eyes (Abyss:1)
  A satyr simulacrum (Elf:2)
  8 hippogriffs
  36 deep elf fighters
  3 hill giant skeletons
  5 hungry ghosts
  2 tarantellas
  3 fire elementals (D:19)
  A spriggan skeleton (D:9)
  3 hogs (Vaults:1)
  2 neqoxecs
  4 chaos spawn
  A steam dragon (D:14)
  6 manticores
  A rock worm (Vaults:1)
  Edmund (D:9)
  A soldier ant (shapeshifter) (D:13)
  2 spectral shapeshifters (Elf:2)
  2 deep troll zombies
  90 nagas
  3 soldier ants
  6 porcupines
  A hydra simulacrum (D:17)
  A swamp drake (Lair:1)
  31 vampire mosquitoes
  29 ice beasts
  15 small abominations
  7 hell hounds
  8 necrophages
  6 freezing wraiths
  7 mottled dragons
  4 phantoms
  2 yellow wasps
  5 sky beasts
  5 kobold demonologists
  48 centaurs
  54 orc warriors
  A black bear (Lair:1)
  2 slaves (D:5)
  25 ogres
  2 deep dwarves (shapeshifter)
  An ettin simulacrum (Vaults:2)
  4 crocodiles (Lair:3)
  3 rotting devils
  5 wargs
  Sigmund (D:5)
  2 brain worms
  2 yaktaur zombies
  2 giant slugs (Lair:3)
  A glowing shapeshifter simulacrum (Vaults:3)
  A lost soul (Elf:3)
  2 human zombies (Vaults:2)
  14 giant frogs
  A gnoll sergeant (D:8)
  30 water moccasins
  9 big kobolds
  A cyclops zombie (D:14)
  2 agate snails
  2 cyclops skeletons
  4 eyes of draining
  3 boulder beetle zombies
  A manticore skeleton (D:10)
  A hippogriff zombie (D:7)
  A troll zombie (D:14)
  4 yak zombies
  20 killer bees
  9 wights
  A troll skeleton (D:9)
  3 quasits
  A yellow wasp zombie (D:7)
  A two-headed ogre zombie (D:15)
  9 crimson imps
  4 goliath beetles
  17 orc priests
  A spider (Lair:3)
  A yaktaur simulacrum (Elf:2)
  2 soldier ant zombies
  A giant frog zombie (D:12)
  5 hounds
  21 orc wizards
  A water moccasin zombie (D:7)
  A centaur skeleton (D:9)
  2 jellies
  A spider (shapeshifter) (D:15)
  5 iron imps
  3 scorpions
  A basilisk skeleton (D:13)
  9 iguanas
  A yak simulacrum (D:12)
  17 orange rats
  A mermaid (Sewer)
  9 worker ants
  A sky beast zombie (D:10)
  2 shapeshifter simulacra
  A mottled dragon zombie (D:9)
  9 sheep
  A boulder beetle simulacrum (Vaults:3)
  4 big kobold zombies
  A big kobold skeleton (D:15)
  A necrophage skeleton (Vaults:2)
  A hound zombie (D:7)
  2 mummies
  A worker ant zombie (D:8)
  8 gnolls
  17 green rats
  9 lemures
  8 giant centipedes
  2 shadow imps
  46 adders
  5 giant mites
  2 inept item mimics
  A white imp (Elf:3)
  A goliath beetle zombie (D:12)
  5 worms
  15 ufetubi
  2 adder zombies (D:7)
  5 grey rats (Sewer)
  5 giant eyeballs
  7 giant geckos
  An ooze (Abyss:1)
  163 orcs
  A bat skeleton (D:5)
  2 bat zombies
  14 goblins
  8 hobgoblins
  14 humans (Vaults:2)
  29 jackals
  8 ball pythons
  20 bats
  4 giant cockroaches
  A giant mite zombie (D:7)
  8 giant newts
  A giant spore (D:10)
  36 kobolds
  A kobold skeleton (D:5)
  A lurking horror (Abyss:1)
  An orc skeleton (D:4)
  7 orc zombies
  9 quokkas
  34 rats
  3 ballistomycetes (D:10)
  5 crawling corpses
  A fungus (Lair:2)
  3 plants
  A starspawn tentacle (Abyss:1)
1998 creatures vanquished.

Vanquished Creatures (collateral kills)
  A human (Vaults:2)
1 creature vanquished.

Vanquished Creatures (others)
  A naga warrior (Snake:1)
  2 deep elf knights (Elf:2)
  A wizard (D:10)
  A black mamba (Snake:3)
  A deep elf summoner (Elf:2)
  2 naga magi (Snake:5)
  2 slime creatures (Abyss:1)
  A small abomination (Abyss:1)
  3 nagas (Snake:1)
  A sky beast (D:5)
  2 slaves (D:5)
  Blork the orc (Vaults:2)
  A hobgoblin skeleton (D:5)
  A lurking horror (Abyss:1)
  2 plants
  5 starspawn tentacles (Abyss:1)
  31 starspawn tentacle segments (Abyss:1)
58 creatures vanquished.

Grand Total: 2057 creatures vanquished

Notes
Turn   | Place    | Note
--------------------------------------------------------------
     0 | D:1      | Moogles, the Minotaur Fighter, began the quest for the Orb.
     0 | D:1      | Reached XP level 1. HP: 19/19 MP: 0/0
     1 | D:1      | Noticed an elf zombie
     3 | D:1      | Noticed an elf zombie
     5 | D:1      | Noticed a spriggan zombie
    10 | D:1      | Noticed a human zombie
    12 | D:1      | Noticed a merfolk zombie
    14 | D:1      | Noticed a merfolk zombie
    14 | D:1      | Noticed a troll zombie
    16 | D:1      | Noticed a spriggan zombie
    16 | D:1      | Noticed a minotaur zombie
    18 | D:1      | Noticed a minotaur zombie
    19 | D:1      | Noticed an octopode zombie
   250 | D:1      | Reached XP level 2. HP: 24/26 MP: 0/0
   592 | D:2      | Found a snail-covered altar of Cheibriados.
   601 | D:2      | Became a worshipper of Cheibriados the Contemplative
   736 | D:2      | Reached skill level 4 in Fighting
   736 | D:2      | Reached XP level 3. HP: 28/33 MP: 1/1
  1020 | D:2      | Acquired Cheibriados' first power
  1056 | D:2      | Reached skill level 1 in Dodging
  1056 | D:2      | Reached XP level 4. HP: 21/40 MP: 1/1
  1577 | D:3      | Found a glowing drain.
  1598 | Sewer    | Entered a sewer
  1707 | Sewer    | Reached XP level 5. HP: 42/46 MP: 1/1
  1822 | Sewer    | Acquired Cheibriados' second power
  2438 | D:4      | Paralysed by a giant eyeball for 4 turns
  2444 | D:4      | Paralysed by a giant eyeball for 4 turns
  2484 | D:4      | Reached XP level 6. HP: 53/53 MP: 2/2
  2507 | D:4      | Found a staircase to the Ecumenical Temple.
  2514 | Temple   | Entered the Ecumenical Temple
  2563 | D:4      | Found a white marble altar of Elyvilon.
  2633 | D:3      | Acquired Cheibriados' third power
  2633 | D:3      | Reached skill level 5 in Fighting
  2651 | D:4      | Reached skill level 5 in Maces & Flails
  2690 | D:4      | Found Jafif's Magic Scroll Boutique.
  2698 | D:4      | Bought a scroll of identify for 28 gold pieces
  2698 | D:4      | Bought a scroll of teleportation for 42 gold pieces
  2698 | D:4      | Bought a scroll of teleportation for 42 gold pieces
  2698 | D:4      | Bought a scroll of identify for 28 gold pieces
  2698 | D:4      | Bought a scroll of identify for 28 gold pieces
  2698 | D:4      | Bought a scroll of teleportation for 42 gold pieces
  2698 | D:4      | Bought a scroll of teleportation for 42 gold pieces
  2804 | D:4      | Paralysed by a giant eyeball for 4 turns
  2809 | D:4      | Paralysed by a giant eyeball for 3 turns
  2835 | D:4      | Got a pitted marble ring
  3050 | D:5      | Entered Level 5 of the Dungeon
  3074 | D:5      | Noticed Pikel
  3092 | D:5      | Killed Pikel
  3092 | D:5      | Reached skill level 6 in Maces & Flails
  3092 | D:5      | Reached skill level 5 in Armour
  3092 | D:5      | Reached skill level 5 in Shields
  3092 | D:5      | Reached XP level 7. HP: 50/60 MP: 2/2
  3123 | D:5      | Noticed Sigmund
  3129 | D:5      | Killed Sigmund
  3228 | D:5      | Noticed Malachi's ghost (average TrWz)
  3243 | D:5      | Killed Malachi's ghost
  3243 | D:5      | Reached skill level 7 in Maces & Flails
  3243 | D:5      | Reached XP level 8. HP: 66/68 MP: 2/2
  3479 | D:5      | Found Jozeloh's Gadget Emporium.
  3534 | D:5      | Paralysed by a giant eyeball for 4 turns
  3847 | D:6      | Found a gateway to a ziggurat.
  3847 | D:6      | Noticed an angel
  3895 | D:6      | Acquired Cheibriados' fourth power
  4347 | D:6      | Reached skill level 8 in Maces & Flails
  4670 | D:7      | Noticed a hill giant
  4681 | D:7      | Killed a hill giant
  4681 | D:7      | Reached skill level 9 in Maces & Flails
  4681 | D:7      | Reached skill level 5 in Dodging
  4681 | D:7      | Reached XP level 9. HP: 48/75 MP: 3/3
  4765 | D:7      | Paralysed by a giant eyeball for 3 turns
  4772 | D:7      | Paralysed by a giant eyeball for 2 turns
  4892 | D:7      | Noticed Joseph
  4905 | D:7      | Killed Joseph
  4932 | D:7      | Reached skill level 10 in Maces & Flails
  5336 | D:7      | Reached XP level 10. HP: 85/85 MP: 3/3
  5370 | D:8      | Found Nuar's General Store.
  5381 | D:8      | Found a white marble altar of Elyvilon.
  5795 | D:8      | Identified the ring of Threreed {rPois Int+4 Dam+4} (You took it off an orc on level 4 of the Dungeon)
  5989 | D:9      | Reached skill level 11 in Maces & Flails
  6027 | D:9      | Noticed Edmund
  6032 | D:9      | Killed Edmund
  6075 | D:9      | Found a glowing golden altar of the Shining One.
  6305 | D:9      | Got a slimy flail
  6306 | D:9      | Identified the +7,+11 flail of Generosity {speed, rC+ Dex+4 Int-4} (You found it on level 9 of the Dungeon)
  6306 | D:9      | Identified the +7,+11 flail of Generosity {speed, rC+ Dex+4 Int-4} (You found it on level 9 of the Dungeon)
  6385 | D:9      | Found a staircase to the Orcish Mines.
  6772 | D:10     | Entered Level 10 of the Dungeon
  6832 | D:10     | Got a brightly glowing cloak
  6836 | D:10     | Identified the cursed +0 cloak "Exisu" {rN+} (You found it on level 10 of the Dungeon)
  7005 | D:10     | Noticed a hill giant
  7011 | D:10     | Killed a hill giant
  7011 | D:10     | Reached XP level 11. HP: 76/93 MP: 3/3
  7026 | D:10     | Found a bloodstained altar of Trog.
  7026 | D:10     | Noticed a wizard
  7031 | D:10     | Killed a wizard
  7314 | D:11     | Reached skill level 12 in Maces & Flails
  7612 | D:11     | Gained mutation: Your natural rate of healing is unusually fast. [potion of beneficial mutation]
  7808 | D:11     | Noticed Gastronok
  7822 | D:11     | Killed Gastronok
  8567 | D:12     | Noticed a six-headed hydra
  8573 | D:12     | Killed a six-headed hydra
  8573 | D:12     | Reached skill level 10 in Fighting
  8607 | D:12     | Noticed an ogre mage
  8618 | D:12     | Killed an ogre mage
  8618 | D:12     | Reached skill level 10 in Shields
  8620 | D:12     | Reached skill level 10 in Armour
  8621 | D:12     | Reached skill level 13 in Maces & Flails
  8767 | D:12     | Noticed an eight-headed hydra
  8772 | D:12     | Killed an eight-headed hydra
  9003 | D:12     | Noticed an unseen horror
  9004 | D:12     | Killed an unseen horror
  9004 | D:12     | Reached XP level 12. HP: 96/103 MP: 4/4
  9057 | D:12     | Found a staircase to the Lair.
  9488 | D:12     | Found Veitainer's Food Boutique.
  9735 | Lair:1   | Entered Level 1 of the Lair of Beasts
  9738 | Lair:1   | Noticed Yllodra's ghost (powerful TrMo)
  9753 | Lair:1   | Killed Yllodra's ghost
  9779 | Lair:1   | Found a labyrinth entrance.
  9798 | Lab      | Entered a labyrinth
 10884 | Lab      | Noticed a minotaur
 10891 | Lab      | Killed a minotaur
 10916 | Lab      | Got an ichor-stained chain mail
 10940 | Lab      | Identified the +0 chain mail of the Sun {Str-2 Int+4} (You found it in a labyrinth)
 10978 | Lair:1   | Reached skill level 14 in Maces & Flails
 11113 | Lair:1   | Noticed a five-headed hydra
 11120 | Lair:1   | Killed a five-headed hydra
 12561 | Lair:3   | Noticed Fannar
 12572 | Lair:3   | Killed Fannar
 12572 | Lair:3   | Reached XP level 13. HP: 99/112 MP: 4/4
 12649 | Lair:3   | Noticed a five-headed hydra
 12654 | Lair:3   | Killed a five-headed hydra
 12654 | Lair:3   | Reached skill level 15 in Maces & Flails
 12687 | Lair:3   | Found a staircase to the Shoals.
 12776 | Lair:3   | Reached skill level 10 in Dodging
 12855 | Lair:3   | Found a staircase to the Snake Pit.
 13302 | Orc:1    | Entered Level 1 of the Orcish Mines
 13401 | Orc:2    | Noticed Urug
 13406 | Orc:2    | Killed Urug
 13606 | Orc:1    | Found a roughly hewn altar of Beogh.
 13746 | Orc:2    | Reached skill level 1 in Invocations
 13961 | Orc:3    | Reached skill level 1 in Throwing
 13998 | Orc:3    | Found a frozen archway.
 14008 | IceCv    | Entered an ice cave
 15051 | Orc:2    | Found Adwaula's Book Boutique.
 15297 | Orc:4    | Entered Level 4 of the Orcish Mines
 15353 | Orc:4    | Found a staircase to the Elven Halls.
 15478 | Orc:4    | Noticed a stone giant
 15484 | Orc:4    | Killed a stone giant
 15764 | Orc:4    | Found Weosigikh's Assorted Antiques.
 15764 | Orc:4    | Found Faklipte's Antique Weapon Shop.
 15768 | Orc:4    | Found Neryo's Food Shoppe.
 15770 | Orc:4    | Found Klyam's Gadget Boutique.
 15807 | Orc:4    | Bought a scroll labeled SHOTALA DUDO for 40 gold pieces
 15815 | Orc:4    | Bought a runed plate armour for 920 gold pieces
 15842 | Orc:4    | Reached skill level 16 in Maces & Flails
 15842 | Orc:4    | Reached XP level 14. HP: 122/122 MP: 14/14
 16384 | Snake:1  | Entered Level 1 of the Snake Pit
 16446 | Snake:1  | Noticed Nikola
 16455 | Snake:1  | Killed Nikola
 16455 | Snake:1  | Reached skill level 5 in Invocations
 16508 | Snake:1  | Found Nosyazyn's Gadget Shop.
 19120 | Snake:5  | Entered Level 5 of the Snake Pit
 19195 | Snake:5  | Reached skill level 17 in Maces & Flails
 19415 | Snake:5  | Reached XP level 15. HP: 129/129 MP: 20/20
 19815 | Snake:5  | Reached skill level 5 in Throwing
 20432 | Snake:5  | Got a serpentine rune of Zot
 21102 | D:13     | Reached skill level 18 in Maces & Flails
 21240 | D:13     | Got an ancient spear
 21241 | D:13     | Identified the +3,+6 spear of Righteous Anger {pierce, Str+1} (You found it on level 13 of the Dungeon)
 21241 | D:13     | Identified the +3,+6 spear of Righteous Anger {pierce, Str+1} (You found it on level 13 of the Dungeon)
 22020 | D:14     | Reached XP level 16. HP: 112/140 MP: 23/23
 22036 | D:15     | Entered Level 15 of the Dungeon
 23079 | D:15     | Found a gateway to a ziggurat.
 23092 | D:15     | Found a staircase to the Vaults.
 23595 | Vaults:1 | Entered Level 1 of the Vaults
 23783 | D:16     | Found Traryv's Armour Shop.
 24676 | D:17     | Reached skill level 19 in Maces & Flails
 24786 | D:18     | Found Goduatt's Antique Armour Emporium.
 24808 | D:18     | Noticed Roxanne
 24829 | D:18     | Killed Roxanne
 25333 | Lair:1   | Gained mutation: Your flesh is heat resistant. [potion of beneficial mutation]
 26229 | D:19     | Found a blossoming altar of Fedhas.
 26384 | D:19     | Noticed Azrael
 26394 | D:19     | Killed Azrael
 26399 | D:19     | Reached XP level 17. HP: 147/149 MP: 25/25
 26643 | D:20     | Entered Level 20 of the Dungeon
 27487 | Vaults:1 | Found Sainteiv's Armour Boutique.
 27503 | Vaults:1 | Noticed Kirke
 27508 | Vaults:1 | Killed Kirke
 28140 | Vaults:1 | Reached skill level 20 in Maces & Flails
 28223 | Vaults:1 | Noticed Snorg
 28227 | Vaults:1 | Killed Snorg
 28227 | Vaults:1 | Reached skill level 15 in Fighting
 28384 | Vaults:1 | Reached skill level 10 in Invocations
 28390 | Vaults:1 | Reached skill level 10 in Throwing
 28729 | Vaults:1 | Reached XP level 18. HP: 150/160 MP: 27/27
 28936 | Vaults:2 | Noticed Norris
 28959 | Vaults:2 | Killed Norris
 28959 | Vaults:2 | Reached skill level 15 in Armour
 29056 | Vaults:2 | Found a flickering gateway to a bazaar.
 29061 | Bazaar   | Entered a bazaar
 29067 | Bazaar   | Found Fac Jaek's Gadget Emporium.
 29075 | Bazaar   | Found Gauk Qid's Magical Wand Emporium.
 29080 | Bazaar   | Found Sche Digi's Antique Weapon Boutique.
 29087 | Bazaar   | Found Koped's Antique Armour Shop.
 29617 | Vaults:2 | Reached skill level 15 in Shields
 29657 | Vaults:2 | Noticed Aizul
 29882 | Vaults:2 | Killed Aizul
 30156 | Vaults:2 | Noticed Blork the orc
 30173 | Vaults:2 | Killed Blork the orc
 30258 | Vaults:2 | Reached skill level 21 in Maces & Flails
 30287 | Vaults:2 | Noticed Jory
 30309 | Vaults:2 | Killed Jory
 30333 | Vaults:2 | Reached XP level 19. HP: 72/170 MP: 28/28
 30753 | Vaults:3 | Found a magical portal.
 30760 | WizLab   | Entered a wizard's laboratory
 31511 | WizLab   | Identified the Grimoire of Harmful Lightness
 31555 | WizLab   | Identified Plerr's Compendium of the Excruciating Birds (You found it in a wizard's laboratory)
 32010 | Vaults:3 | Found a basalt altar of Yredelemnul.
 32010 | Vaults:3 | Found a staircase to the Crypt.
 32011 | Vaults:3 | Found an ancient bone altar of Kikubaaqudgha.
 32034 | Vaults:3 | Noticed Mara
 32049 | Vaults:3 | Killed Mara
 32638 | Elf:1    | Entered Level 1 of the Elven Halls
 33063 | Elf:1    | Found Bakoet's Armour Boutique.
 33437 | Elf:2    | Found a gateway to a bazaar.
 33457 | Bazaar   | Entered a bazaar
 33457 | Bazaar   | Found Rosap's Antique Weapon Shoppe.
 33457 | Bazaar   | Found Asogunio's Armour Shop.
 33458 | Bazaar   | Found Husief's Magic Scroll Shop.
 33459 | Bazaar   | Found Rapoyto's Assorted Antiques.
 33525 | Bazaar   | Bought a scroll of recharging for 148 gold pieces
 33525 | Bazaar   | Bought a potion of heal wounds for 81 gold pieces
 33707 | Elf:2    | Gained mutation: You tend to lose your temper in combat. [a shining eye]
 34443 | Elf:3    | Entered Level 3 of the Elven Halls
 34764 | Lair:1   | Lost mutation: Your flesh is heat resistant. [potion of cure mutation]
 34764 | Lair:1   | Lost mutation: Your natural rate of healing is unusually fast. [potion of cure mutation]
 34764 | Lair:1   | Lost mutation: You tend to lose your temper in combat. [potion of cure mutation]
 35250 | Elf:3    | Found Larov's Antique Armour Boutique.
 35402 | Elf:3    | Cast into the Abyss (deep elf sorcerer)
 35804 | Abyss:1  | Reached XP level 20. HP: 124/180 MP: 29/29
 35869 | Abyss:1  | Reached skill level 22 in Maces & Flails
 36048 | Abyss:1  | Learned a level 1 spell: Summon Butterflies
 36124 | Abyss:1  | Noticed an ancient lich
 36141 | Abyss:1  | Killed an ancient lich
 36729 | Elf:3    | Escaped the Abyss
 36738 | Elf:3    | Reached skill level 15 in Dodging
 36749 | Elf:3    | Gained mutation: You are weak. (Str -2) [a neqoxec]
 37708 | Elf:3    | Killed from afar by a deep elf annihilator

Action                   |  1- 3 |  4- 6 |  7- 9 | 10-12 | 13-15 | 16-18 | 19-21 || total
-------------------------+-------+-------+-------+-------+-------+-------+-------++-------
Melee: Mace              |    65 |   207 |    35 |       |       |       |       ||   307
       Flail             |       |       |   180 |   486 |       |       |       ||   666
       Shillelagh        |       |       |       |   104 |   764 |   846 |   754 ||  2468
Throw: Javelin           |       |       |       |       |    18 |    11 |       ||    29
Invok: Slouch            |       |       |       |       |     1 |     1 |     2 ||     4
Evoke: Wand              |       |     1 |     2 |     4 |     6 |     2 |     8 ||    23
       Miscellaneous     |       |       |       |       |     1 |       |     1 ||     2
  Use: Scroll            |     1 |     8 |       |    34 |    11 |    13 |     7 ||    74
       Potion            |       |       |     1 |     1 |     4 |     4 |     3 ||    13
 Stab: Distracted        |       |       |     1 |       |       |       |     1 ||     2
       Held in net/web   |       |       |       |       |     1 |       |       ||     1
       Fleeing           |       |       |       |       |     1 |       |       ||     1
